 Dungeon Crawl Stone Soup version 0.31-a0-654-gbe3e110b4e (webtiles) character file.

Game seed: 14099493061989055679

2764 holysushi the Skirmisher (level 10, 0/70 HPs)
             Began as a Formicid Hexslinger on Aug 29, 2023.
             Was an Initiate of Ashenzari.
             Succumbed to a kobold brigand's curare-tipped dart
             ... on level 6 of the Dungeon.
             The game lasted 00:19:40 (10671 turns).

holysushi the Skirmisher (Formicid Hexslinger)     Turns: 10671, Time: 00:19:41

Health: 0/70       AC:  4    Str: 13    XL:     10   Next: 1%
Magic:  13/13      EV: 14    Int: 13    God:    Ashenzari [......]
Gold:   267        SH:  0    Dex: 20    Spells: 5/13 levels left

rFire   . . .        F - +0 orcbow
rCold   + . .        n - orb {guile}
rNeg    + . .        o - +1 robe {Will+}
rPois   .            (helmet unavailable)
rElec   +            l - +0 cloak
rCorr   .            (no gloves)
SInv    +            (no boots)
Will    +....        (no amulet)
Stlth   ++           h - ring "Vicauc" {rElec rN+}
HPRegen 0.31/turn    j - ring of protection from cold
MPRegen 0.13/turn

%: no passive effects
@: lethally poisoned (0 -> -13), enlightened, flying
A: permanent stasis, dig shafts and tunnels, antennae 3, four strong arms
a: Dig, Shaft Self, Renounce Religion, Curse Item


You were on level 6 of the Dungeon.
You worshipped Ashenzari.
Ashenzari was noncommittal.
You visited 2 branches of the dungeon, and saw 8 of its levels.

You collected 267 gold pieces.

Inventory:

Hand Weapons
 a - a +1 sling
 b - the +8 mace of Toothy Action {heavy, *Slow rPois rCorr Dex+2}
   (You found it on level 2 of the Dungeon)

   Dex+2:     It affects your dexterity (+2).
   rPois:     It protects you from poison rCorr: It protects you from acid and
   corrosion.
   *Slow:     It may slow you when you take damage.
 f - a +3 dagger
 F - a +0 orcbow (weapon)
Armour
 i - a +1 ring mail of cold resistance
 l - a +0 cloak (worn)
 m - a +0 chain mail
 n - an orb of guile (worn)
 o - a +1 robe of willpower (worn)
Jewellery
 h - the ring "Vicauc" (left hand) {rElec rN+}
   (You found it on level 2 of the Dungeon)

   [ring of positive energy]

   rElec:     It insulates you from electricity.
   rN+:       It protects you from negative energy.
 j - a ring of protection from cold (right hand)
 v - an amulet of reflection
 y - a ring of positive energy
Wands
 k - a wand of quicksilver (25)
 s - a wand of paralysis (13)
 t - a wand of flame (6)
Scrolls
 c - 4 scrolls of teleportation {unknown}
 d - a scroll of poison
 e - 7 scrolls of identify {unknown}
 p - a scroll of blinking {unknown}
 q - a scroll of enchant weapon {unknown}
 r - a scroll of fog {unknown}
 u - a scroll of vulnerability {unknown}
 z - a scroll of immolation {unknown}
 B - a scroll of enchant armour {unknown}
 C - a scroll of revelation
 E - a scroll of butterflies {unknown}
 G - a scroll of fear {unknown}
Potions
 g - a potion of degeneration {unknown}
 w - a potion of attraction {unknown}
 x - a potion of enlightenment
 A - a potion of heal wounds {unknown}
 D - a potion of cancellation {unknown}
 H - a potion of haste {unknown}
 I - a potion of curing {unknown}


   Skills:
 - Level 3.0 Fighting
 + Level 10.5 Ranged Weapons
 - Level 4.0 Dodging
 - Level 2.0 Spellcasting
 - Level 8.0 Hexes
 - Level 1.0 Evocations


You had 5 spell levels left.
You knew the following spells:

 Your Spells              Type           Power      Damage    Failure   Level
a - Slow                  Hex            88%        N/A       1%          1
b - Cause Fear            Hex            11%        N/A       10%         4
c - Inner Flame           Hex/Fire       11%        N/A       14%         3

Your spell library contained the following spells:

 Spells                   Type           Power      Damage    Failure   Level
 Portal Projectile        Hex/Tloc       22%        N/A       14%         3
 Lesser Beckoning         Tloc           2%         N/A       36%         2
 Gell's Gravitas          Tloc           1%         N/A       58%         3
 Teleport Other           Tloc           1%         N/A       58%         3
 Manifold Assault         Tloc           1%         N/A       94%         4
 Blink                    Tloc           Unusable   N/A       N/A         2

Dungeon Overview and Level Annotations

Branches:
Dungeon (7/15) Zot: 25759  Temple (1/1) D:4 Zot: 5973

Altars:
Ashenzari
Cheibriados
Elyvilon
Fedhas
Hepliaklqana
Makhleb
Okawaru
Qazlal
Ru
Trog
Vehumet
Yredelemnul
The Shining One

Annotations:
D:4 exclusion: downstairs


Innate Abilities, Weirdness & Mutations

You cannot be hasted, slowed, berserked, paralysed or teleported.
You can dig through walls and to a lower floor.
You have a pair of large antennae on your head. (SInv)
Your four strong arms can wield two-handed weapons with a shield.


Message History

Press: ? - help, Dir - look around, f - activate The kobold brigand looks frightened!
The kobold looks frightened!
You feel extremely sick.
* * * LOW HITPOINT WARNING * * *
You feel very sick.
You feel very sick.
There is a stone staircase leading up here.
You feel very sick.
You climb upwards.
You feel very sick.
There is a stone staircase leading down here.
You start resting.
You feel sick. x7
You are no longer poisoned.
You start resting.
Magic restored.
You start resting.
A hornet is nearby!
The hornet buzzes angrily.
You climb downwards.
There is a stone staircase leading up here.
You start resting.
You sense a monster nearby.
You start resting.
A kobold brigand is nearby!
The kobold brigand throws a curare-tipped dart.
The curare-tipped dart hits you.
You are lethally poisoned!
You have difficulty breathing.
* * * LOW HITPOINT WARNING * * *
Your stasis prevents you from being slowed.
You climb upwards.
* * * LOW HITPOINT WARNING * * *
You feel very sick. The hornet completely misses you. The hornet misses you.
The hornet closely misses you.
There is a stone staircase leading down here.
It was a potion of enlightenment.
You feel very buoyant.
You fly up into the air.
You die...

#.........#.......#
#.#
#....)....#.......#
#.#
###...)#.##.......#
#.#
#......##########
#.# ##...###
#####.# ###.#
######## #.....#
#.###......#
#.#####
#....y#....# #.#
#..#@.#....###.#
#.....#........#
###......#.#####
###.####.# #......#
########


You could see a hornet.

Vanquished Creatures
  Grinder (D:4)
  A wyvern (D:6)
  2 water moccasins
  A sky beast (D:6)
  An ice beast (D:6)
  An ogre (D:3)
  2 centaurs
  2 phantoms
  2 bullfrogs (D:7)
  2 scorpions (D:4)
  4 wights (D:7)
  3 killer bees (D:7)
  A jelly (D:5)
  2 gnoll boudas
  2 orc priests (D:4)
  3 sleepcaps
  4 hounds
  Terence (D:2)
  Ijyb (D:3)
  Natasha (thrice) (D:4)
  5 iguanas
  6 orc wizards
  Robin (D:4)
  12 gnolls
  6 adders
  An ufetubus (D:4)
  5 worms
  2 dart slugs
  16 orcs
  6 bats
  5 endoplasms
  2 giant cockroaches
  11 goblins
  8 hobgoblins
  9 jackals
  4 quokkas
  9 ball pythons
  A frilled lizard (D:1)
  15 kobolds
  2 rats
165 creatures vanquished.

Notes
Turn   | Place    | Note
-------+----------+-------------------------------------------
     0 | D:1      | holysushi the Formicid Hexslinger began the quest for the
                  | Orb.
     0 | D:1      | Reached XP level 1. HP: 15/15 MP: 2/2
    61 | D:1      | Reached XP level 2. HP: 21/21 MP: 3/3
   137 | D:1      | Reached XP level 3. HP: 26/26 MP: 5/5
   254 | D:1      | Reached skill level 3 in Ranged Weapons
   590 | D:2      | Reached XP level 4. HP: 32/32 MP: 6/6
   744 | D:2      | Identified the ring "Vicauc" {rElec rN+}
   953 | D:2      | Reached skill level 4 in Ranged Weapons
   968 | D:2      | Found a white marble altar of Elyvilon.
   985 | D:2      | Identified the +8 mace of Toothy Action {heavy, *Slow rPois
                  | rCorr Dex+2}
  1029 | D:2      | Noticed Terence
  1061 | D:2      | Killed Terence
  1205 | D:2      | Learned a level 4 spell: Cause Fear
  1252 | D:2      | Reached XP level 5. HP: 37/37 MP: 5/7
  1632 | D:3      | Noticed an ogre
  1745 | D:3      | Noticed Ijyb
  1817 | D:3      | Killed an ogre
  1818 | D:3      | Reached skill level 5 in Ranged Weapons
  1818 | D:3      | Reached XP level 6. HP: 43/43 MP: 8/8
  2102 | D:3      | Reached skill level 5 in Hexes
  2114 | D:3      | Found a sacrificial altar of Ru.
  2613 | D:3      | Killed Ijyb
  2706 | D:4      | Reached XP level 7. HP: 47/48 MP: 1/9
  2778 | D:4      | Found a radiant altar of Vehumet.
  2895 | D:4      | Found a staircase to the Ecumenical Temple.
  2972 | Temple   | Entered the Ecumenical Temple
  2988 | Temple   | Became a worshipper of Ashenzari the Shackled
  3137 | D:4      | Noticed Robin
  3149 | D:4      | Reached skill level 1 in Evocations
  3163 | D:4      | Killed Robin
  3413 | D:4      | Found a hazy altar of Hepliaklqana.
  3442 | D:4      | Reached skill level 6 in Ranged Weapons
  3552 | D:4      | Found a blossoming altar of Fedhas.
  3802 | D:4      | Noticed Natasha
  3810 | D:4      | Killed Natasha
  3811 | D:4      | Reached skill level 7 in Ranged Weapons
  3843 | D:4      | Noticed Grinder
  3924 | D:4      | Killed Grinder
  3925 | D:4      | Reached XP level 8. HP: 49/54 MP: 5/10
  4119 | D:5      | Entered Level 5 of the Dungeon
  4297 | D:5      | Found a snail-covered altar of Cheibriados.
  4382 | D:4      | Noticed Natasha
  4395 | D:4      | Killed Natasha
  4396 | D:4      | Reached skill level 8 in Ranged Weapons
  4468 | D:4      | Noticed Natasha
  4476 | D:4      | Killed Natasha
  5951 | D:5      | Reached skill level 9 in Ranged Weapons
  7566 | D:5      | Found an iron altar of Okawaru.
  7654 | D:5      | Learned a level 3 spell: Inner Flame
  7851 | D:5      | Found a snail-covered altar of Cheibriados.
  7986 | D:5      | Found an iron altar of Okawaru.
  8138 | D:6      | Reached XP level 9. HP: 57/61 MP: 11/11
  8636 | D:6      | Noticed a hornet
  9174 | D:6      | Reached skill level 10 in Ranged Weapons
 10398 | D:7      | Reached XP level 10. HP: 64/70 MP: 13/13
 10670 | D:6      | HP: 2/70 [poisoned by a kobold brigand (curare-tipped
                  | dart)]
 10671 | D:6      | Succumbed to a kobold brigand's curare-tipped dart

Illustrated notes

Levels and vault maps discovered:
D:1:      moated_graveyard_arrival, layout_basic, minivault_25,
          minmay_shallow_snake_nest
D:2:      layout_loops_ring, basic_altar, minmay_diced_spiral, uniq_terence
D:3:      layout_basic, mainiacjoe_overflow_24_doors, uniq_ijyb
D:4:      layout_loops_cross, vehumet_altar_wand_db, lemuel_crystal_altar,
          nicolae_hepliaklqana_hippocampus, minmay_temple_entry_overgrown,
          uniq_grinder, uniq_natasha, uniq_robin
D:5:      layout_basic, slow_altar_1, hellmonk_okawaru_the_only_friend_you_need
D:6:      layout_loops_cross
D:7:      layout_rooms, nicolae_overflow_hidden_temple, serial_shops, shop,
          uniq_duvessa
Temple:   nicolae_temple_great_sept

Skill      XL: |  1  2  3  4  5  6  7  8  9 |
---------------+----------------------------+-----
Ranged Weapons | 3 4 5 7 9 10 | 10.5
Hexes          | 4 5 6 8 |  8.0
Evocations     | 1 |  1.0
Fighting       | 3 |  3.0
Dodging        | 4 |  4.0
Spellcasting   | 2 |  2.0

Action                     |  1- 3 |  4- 6 |  7- 9 | 10-12 || total
---------------------------+-------+-------+-------+-------++-------
  Melee: Dagger            |       |    15 |       |       ||    15
         Unarmed           |       |     7 |    19 |       ||    26
   Fire: Sling             |    81 |   198 |   319 |       ||   598
         Orcbow            |       |       |   195 |    19 ||   214
   Cast: Slow              |       |    18 |    31 |     4 ||    53
         Cause Fear        |       |     5 |    14 |     2 ||    21
         Inner Flame       |       |       |     1 |       ||     1
Ability: Dig               |       |       |     3 |       ||     3
    Use: Scroll            |       |     2 |       |       ||     2
         Potion            |       |     1 |     2 |     1 ||     4
 Armour: Robe              |    11 |    14 |    45 |     1 ||    71
         Skin              |       |    10 |    21 |       ||    31
  Dodge: Dodged            |    21 |    43 |   163 |     9 ||   236

Table legend: (Time is in decaauts)
 A = Elapsed time spent in this place.
 B = Non-inter-level travel time spent in this place.
 C = Inter-level travel time spent in this place.
 D = Time resting spent in this place.
 E = Time spent auto-exploring this place.
 F = Levels seen in this place.
 G = Mean time per level.
                   A        B        C        D        E       F      G
               +--------+--------+--------+--------+--------+-----+--------+
         Total |  10736 |  10439 |    297 |   4886 |   3574 |   8 | 1342.0 |
       Dungeon |  10709 |  10412 |    297 |   4886 |   3569 |   7 | 1529.9 |
        Temple |     26 |     26 |      0 |      0 |      5 |   1 |   26.0 |
               +--------+--------+--------+--------+--------+-----+--------+

Top non-repeatable levels by time:
     D:5: 3637 daAuts
     D:4: 2121 daAuts
     D:6: 1333 daAuts
     D:7: 1022 daAuts
     D:3: 1011 daAuts
     D:2: 989 daAuts
     D:1: 592 daAuts
  Temple: 26 daAuts
